 Dungeon Crawl Stone Soup version 0.20-a0-709-gd40821f (webtiles) character file.

30387 graki42 the Eclecticist (level 13, -5/68 HPs)
             Began as a Deep Elf Fire Elementalist on Feb 21, 2017.
             Was an Elder of Vehumet.
             Slain by Kirke (17 damage)
             ... on level 4 of the Lair of Beasts on Feb 22, 2017.
             The game lasted 01:18:54 (16228 turns).

graki42 the Eclecticist (DEFE)                     Turns: 16228, Time: 01:18:55

Health: -5/68      AC:  0    Str:  8    XL:     13   Next: 20%
Magic:  20/34      EV: 18    Int: 23    God:    Vehumet [****..]
Gold:   841        SH:  0    Dex: 15    Spells: 19/43 levels left

rFire    . . .     SeeInvis .   (weapon currently unavailable)
rCold    . . .     Gourm    .   (armour currently unavailable)
rNeg     . . .     Faith    .   (shield currently unavailable)
rPois    .         Spirit   .   (helmet currently unavailable)
rElec    .         Reflect  .   (cloak currently unavailable)
rCorr    .         Harm     .   (gloves currently unavailable)
MR       +....                  (boots currently unavailable)
Stlth    +++.......             (no amulet)
Regen    0.3/turn               (ring currently unavailable)
MPRegen  0.3/turn               (ring currently unavailable)

@: lethally poisoned (-5 -> -21), pig-form, slowed
A: no striking features
a: Renounce Religion


You were on level 4 of the Lair of Beasts.
You worshipped Vehumet.
Vehumet was greatly pleased with you.
You were very hungry.
You were a filthy swine.
You visited 3 branches of the dungeon, and saw 15 of its levels.

You collected 967 gold pieces.
You spent 126 gold pieces at shops.

Inventory:

Hand Weapons
 a - a +1 quarterstaff of holy wrath (melded)
Missiles
 A - 2 throwing nets (quivered)
Armour
 l - a +0 pair of boots (melded)
 w - a +0 troll leather armour (melded) {Purgy}
 z - a +2 helmet of see invisible (melded)
 F - a +2 pair of gloves (melded)
 G - a +2 cloak (melded)
Jewellery
 f - an uncursed ring of protection from cold
 n - a ring of poison resistance (melded)
 N - a +5 ring of intelligence (melded)
 O - an uncursed ring of positive energy
Wands
 B - a wand of digging (18/24)
 E - a wand of iceblast (10/15)
Scrolls
 g - 7 scrolls of remove curse
 k - 2 scrolls of teleportation
 m - a scroll of magic mapping
 r - a scroll of immolation
 u - a scroll of holy word {unknown}
 y - 2 scrolls of blinking
 I - a scroll of fear {unknown}
 K - a scroll of silence {unknown}
Potions
 d - a potion of heal wounds
 e - 8 potions of curing
 v - 5 potions of haste
Comestibles
 c - 10 bread rations
 j - 4 fruits


   Skills:
 + Level 2.7 Fighting
 + Level 2.8 Staves
 + Level 0.2 Throwing
 + Level 4.1 Armour
 + Level 6.0 Dodging
 + Level 5.5 Stealth
 + Level 15.6 Spellcasting
 + Level 12.0 Conjurations
 + Level 3.7 Hexes
 + Level 4.5 Necromancy
 + Level 1.4 Translocations
 + Level 12.5 Fire Magic


You had 19 spell levels left.
You knew the following spells:

 Your Spells              Type           Power        Failure   Level  Hunger
a - Flame Tongue          Conj/Fire      #####        1%          1    None
b - Conjure Flame         Conj/Fire      ######..     1%          3    None
c - Inner Flame           Hex/Fire       ######..     1%          3    None
d - Sticky Flame          Conj/Fire      ######..     1%          4    None
e - Fireball              Conj/Fire      ######....   1%          5    ##.....
f - Animate Dead          Necr           N/A          8%          4    None
g - Force Lance           Conj/Tloc      #####...     1%          4    None


Dungeon Overview and Level Annotations

Branches:
Dungeon (10/15)            Temple (1/1) D:7            Lair (4/6) D:10
 Spider (0/4) Lair:3          Orc (0/2) D:9
  Swamp: Lair:2-4    Shoals: Lair:2-4

Altars:
Cheibriados
Dithmenos
Fedhas
Hepliaklqana Ieoh Jian
Kikubaaqudgha
Makhleb
Nemelex Xobeh
Okawaru
Ru
Uskayaw
Vehumet
Xom
Yredelemnul
The Shining One

Shops:
D:5 *

Annotations:
Lair:4 exclusion: 2 oklob plants, Kirke


Message History

Kirke burns!
The hog misses you.
Kirke burns!
Kirke hits you!
* * * LOW HITPOINT WARNING * * *
The hog bites you!
* * * LOW HITPOINT WARNING * * *
A soldier ant comes into view.
As you read the scroll labeled XADIHA EWICH, it crumbles to dust.
The dust glows bright chartreuse!
It was a scroll of random uselessness.
Kirke burns!
Kirke gestures at you while chanting. You resist with significant effort.
The hog completely misses you. The soldier ant barely misses you.
Kirke points at you and mumbles some strange words.
You feel a momentary urge to oink. The hog bites you.
* * * LOW HITPOINT WARNING * * *
You feel much better.
Kirke burns! x2; The soldier ant stings you!
* * * LOW HITPOINT WARNING * * *
You are lethally poisoned!
The soldier ant poisons you! The hog closely misses you. Something hits you!
You die...

....#.P . #.......... .
#......##... ##
##.a..........
##.##P.....#......
##...........$.....
..#...P..#.P.........
P..#...PP...........#
#.PP.....†<..h.F...#### #
#.......$.†.(.ha(.#.....
###.#>......†.{.........#
.>.....................(#
.......###.P.#...#.....##
.h......÷#÷.#....###.###
Y@...#............ ##
#....a.............
#.h.#<...........PP#


You could see a hog, 2 soldier ants and a bullfrog.

Vanquished Creatures
  2 entropy weavers
  3 hydras (Lair:4)
  2 two-headed ogres
  4 death yaks (Lair:3)
  Nergalle (Lair:1)
  An orb spider (Lair:3)
  Maurice (D:8)
  A black mamba (Lair:3)
  3 elephants
  A gargoyle (D:10)
  Psyche (D:8)
  5 spiny frogs
  3 rime drakes
  4 komodo dragons
  A queen bee (Lair:1)
  A troll (D:10)
  2 hippogriffs
  8 blink frogs
  15 yaks
  5 hogs
  A wyvern (D:9)
  2 basilisks (D:10)
  A human (D:7)
  A vampire mosquito (D:10)
  14 soldier ants
  Edmund (D:4)
  6 water moccasins
  9 porcupines
  2 phantoms (D:6)
  Purgy (D:4)
  6 orc warriors
  A black bear (D:8)
  3 ice beasts
  2 necrophages
  3 ogres
  4 centaurs
  7 crocodiles
  2 big kobolds
  9 bullfrogs
  A gnoll sergeant (D:3)
  6 scorpions
  32 killer bees
  8 wights
  2 centaur zombies
  4 crimson imps
  A bullfrog zombie (D:6)
  4 hounds
  A jelly (D:5)
  7 orc priests
  11 orc wizards
  4 bullfrog skeletons
  5 iguanas
  Terence (D:2)
  A hell rat (Lair:4)
  15 worker ants
  A hound skeleton (D:5)
  A worker ant zombie (D:5)
  3 howler monkey zombies
  12 gnolls
  11 adders
  3 shadow imps
  2 oozes
  An adder skeleton (D:7)
  2 worms
  2 dart slugs
  6 leopard geckos
  58 orcs
  A ball python (D:2)
  6 giant cockroaches
  9 hobgoblins
  20 jackals
  4 quokkas
  10 bats
  6 frilled lizards
  4 goblins
  15 kobolds
  A quokka zombie (D:5)
  8 rats
428 creatures vanquished.

Vanquished Creatures (collateral kills)
  A komodo dragon (Lair:2)
1 creature vanquished.

Vanquished Creatures (others)
  An orc wizard (D:4)
  A bush (Lair:3)
  8 fungi
  7 plants
17 creatures vanquished.

Grand Total: 446 creatures vanquished

Notes
Turn   | Place    | Note
-------+----------+-------------------------------------------
     0 | D:1      | graki42 the Deep Elf Fire Elementalist began the quest for the Orb.
     0 | D:1      | Reached XP level 1. HP: 10/10 MP: 6/6
    28 | D:1      | Reached XP level 2. HP: 15/15 MP: 5/8
   419 | D:2      | Noticed Terence
   432 | D:2      | Killed Terence
   432 | D:2      | Reached XP level 3. HP: 19/19 MP: 3/10
   444 | D:2      | Learned a level 3 spell: Conjure Flame
   448 | D:2      | Learned a level 3 spell: Inner Flame
   544 | D:2      | Reached skill level 4 in Spellcasting
   718 | D:2      | Reached XP level 4. HP: 23/24 MP: 3/12
  1487 | D:3      | Reached XP level 5. HP: 28/28 MP: 0/13
  1813 | D:3      | Learned a level 4 spell: Sticky Flame
  1826 | D:3      | Found a basalt altar of Yredelemnul.
  1910 | D:3      | Reached skill level 5 in Fire Magic
  1910 | D:3      | Reached skill level 5 in Spellcasting
  2273 | D:3      | Reached XP level 6. HP: 22/32 MP: 9/15
  2795 | D:4      | Noticed Purgy
  2803 | D:4      | Killed Purgy
  3032 | D:4      | Reached XP level 7. HP: 36/36 MP: 2/17
  3064 | D:4      | Reached skill level 6 in Spellcasting
  3583 | D:4      | Noticed Edmund
  3597 | D:4      | Killed Edmund
  3597 | D:4      | Reached skill level 1 in Armour
  3670 | D:4      | Reached skill level 7 in Spellcasting
  3765 | D:4      | Reached skill level 1 in Hexes
  3786 | D:4      | Reached skill level 5 in Conjurations
  3786 | D:4      | Reached XP level 8. HP: 38/41 MP: 9/20
  4030 | D:5      | Entered Level 5 of the Dungeon
  4123 | D:5      | Learned a level 5 spell: Fireball
  4640 | D:5      | Found Seabbiap's General Store.
  4655 | D:5      | Bought a +0 helmet of see invisible for 126 gold pieces
  4704 | D:6      | Reached skill level 8 in Spellcasting
  5320 | D:6      | Reached skill level 9 in Spellcasting
  5320 | D:6      | Reached XP level 9. HP: 46/46 MP: 12/24
  5410 | D:6      | Reached skill level 1 in Fighting
  5952 | D:7      | Reached skill level 1 in Staves
  6347 | D:7      | Found a staircase to the Ecumenical Temple.
  6404 | Temple   | Entered the Ecumenical Temple
  6449 | Temple   | Became a worshipper of Vehumet
  6816 | D:7      | Reached skill level 10 in Spellcasting
  7025 | D:8      | Noticed Maurice
  7032 | D:8      | Noticed Psyche
  7253 | D:8      | Reached XP level 10. HP: 52/52 MP: 16/26
  7379 | D:8      | Killed Maurice
  7517 | D:8      | Reached * piety under Vehumet
  7517 | D:8      | Offered knowledge of Magic Dart by Vehumet.
  7684 | D:8      | Killed Psyche
  8429 | D:9      | Reached skill level 11 in Spellcasting
  8440 | D:9      | Reached ** piety under Vehumet
  8440 | D:9      | Offered knowledge of Throw Frost by Vehumet.
  8575 | D:9      | Found a staircase to the Orcish Mines.
  8805 | D:9      | Learned a level 4 spell: Animate Dead
  8852 | D:9      | Reached skill level 1 in Necromancy
  9060 | D:9      | Noticed a two-headed ogre
  9064 | D:9      | Killed a two-headed ogre
  9064 | D:9      | Reached skill level 10 in Fire Magic
  9580 | D:9      | Offered knowledge of Static Discharge by Vehumet.
  9760 | D:10     | Entered Level 10 of the Dungeon
  9788 | D:10     | Reached XP level 11. HP: 56/56 MP: 20/28
  9829 | D:10     | Reached *** piety under Vehumet
  9829 | D:10     | Reached skill level 5 in Dodging
  9881 | D:10     | Found a staircase to the Lair.
  9977 | D:10     | Reached skill level 12 in Spellcasting
  9979 | D:10     | Offered knowledge of Throw Icicle by Vehumet.
  9980 | D:10     | Noticed a two-headed ogre
  9985 | D:10     | Killed a two-headed ogre
 11162 | Lair:1   | Entered Level 1 of the Lair of Beasts
 11196 | Lair:1   | Reached **** piety under Vehumet
 11272 | Lair:1   | Noticed Nergalle
 11285 | Lair:1   | Killed Nergalle
 11405 | Lair:1   | Offered knowledge of Irradiate by Vehumet.
 11405 | Lair:1   | Reached skill level 13 in Spellcasting
 11405 | Lair:1   | Reached skill level 10 in Conjurations
 12437 | Lair:2   | Reached XP level 12. HP: 62/62 MP: 7/31
 13338 | Lair:2   | Learned a level 4 spell: Force Lance
 13343 | Lair:2   | Learned a level 4 spell: Fulminant Prism
 13370 | Lair:3   | Noticed a death yak
 13372 | Lair:3   | Noticed a death yak
 13380 | Lair:3   | Noticed a death yak
 13381 | Lair:3   | Noticed a death yak
 13467 | Lair:3   | Reached skill level 14 in Spellcasting
 13724 | Lair:3   | Killed a death yak
 13726 | Lair:3   | Killed a death yak
 13726 | Lair:3   | Reached skill level 5 in Stealth
 13727 | Lair:3   | Killed a death yak
 13728 | Lair:3   | Killed a death yak
 14295 | Lair:3   | Reached skill level 1 in Translocations
 14389 | Lair:3   | Found a hole to the Spider Nest.
 14767 | Lair:1   | Identified 2 scrolls of acquirement
 14768 | Lair:1   | Got a clouded copper amulet
 14769 | Lair:1   | Identified the amulet of Daiteck {Spirit -Tele +Inv MR++ Str+4} (You acquired it on level 1 of the Lair of Beasts)
 14997 | Lair:4   | Noticed a five-headed hydra
 15130 | Lair:4   | Killed a five-headed hydra
 15133 | Lair:4   | Noticed Kirke
 15185 | Lair:4   | Noticed an eight-headed hydra
 15188 | Lair:4   | Noticed a four-headed hydra
 15226 | Lair:4   | Reached skill level 15 in Spellcasting
 15481 | Lair:4   | Noticed an entropy weaver
 15490 | Lair:4   | Noticed a queen ant
 15499 | Lair:4   | Killed an eight-headed hydra
 15511 | Lair:4   | Killed a four-headed hydra
 15814 | Lair:4   | Reached XP level 13. HP: 68/68 MP: 22/34
 15944 | Lair:4   | Noticed an entropy weaver
 15955 | Lair:3   | Killed an entropy weaver
 16065 | Lair:4   | Killed an entropy weaver
 16228 | Lair:4   | Slain by Kirke

Vault maps used:
D:1:      dpeg_arrival_pond, hangedman_decor_lopped,
          hangedman_decor_clover_reticule
D:2:      grunt_ministairs_12, uniq_terence
D:3:      lemuel_crystal_altar
D:4:      first_bread, uniq_edmund, uniq_purgy
D:5:      serial_shops, shop, minmay_stone_trees_medium
D:7:      temple_statues, grunt_livestock, hangedman_decor_peaks_small
D:8:      uniq_maurice, uniq_psyche
D:9:      david_orc_4
D:10:     minmay_lair_entry_grove
Temple:   regret_index_temple_sigil_plot
Lair:1:   special_room, uniq_nergalle
Lair:3:   nicolae_spider_entry_orb_guardian, infiniplex_staircase_pool,
          grunt_megastairs_4
Lair:4:   elwin_shoals_entry_rocks, zaba_anthell, minmay_lair_oklob_chamber,
          uniq_kirke

Skill      XL: |  1  2  3  4  5  6  7  8  9 10 11 12 13 |
---------------+----------------------------------------+-----
Fire Magic     | 4 5 6 7 8 10 11 12 | 12.5
Spellcasting   | 4 5 7 9 10 11 13 15 | 15.6
Stealth        | 3 4 5 |  5.5
Conjurations   | 2 3 4 5 6 7 9 10 11 12 | 12.0
Dodging        | 3 4 5 6 |  6.0
Armour         | 1 2 3 4 |  4.1
Hexes          | 1 2 3 |  3.7
Fighting       | 1 2 |  2.7
Staves         | 2 |  2.8
Necromancy     | 3 4 |  4.5
Translocations | 1 |  1.4
Throwing       | |  0.2

Action                   |  1- 3 |  4- 6 |  7- 9 | 10-12 | 13-15 || total
-------------------------+-------+-------+-------+-------+-------++-------
Melee: Quarterstaff      |       |       |    23 |    15 |       ||    38
Throw: Throwing net      |       |       |       |     3 |       ||     3
 Cast: Flame Tongue      |    48 |   134 |   188 |   257 |     6 ||   633
       Conjure Flame     |       |     7 |    10 |    28 |       ||    45
       Inner Flame       |       |     4 |     5 |    24 |       ||    33
       Sticky Flame      |       |     1 |    36 |    68 |    14 ||   119
       Fireball          |       |       |    10 |    81 |    12 ||   103
       Animate Dead      |       |       |       |     2 |       ||     2
       Force Lance       |       |       |       |     5 |       ||     5
  Use: Scroll            |       |       |       |    27 |     1 ||    28
       Potion            |       |       |       |     4 |     2 ||     6
 Stab: Sleeping          |       |       |     1 |     3 |       ||     4
  Eat: Chunk             |       |     7 |    16 |    25 |       ||    48
       Fruit             |       |       |     1 |     6 |       ||     7
       Royal jelly       |       |       |       |     1 |       ||     1
Armor: Robe              |     3 |    10 |       |       |       ||    13
       Troll leather arm |       |       |    26 |    50 |    17 ||    93
Dodge: Dodged            |    21 |    37 |    99 |   151 |    37 ||   345
